 Dungeon Crawl Stone Soup version 0.18.1-48-g4cf74bf (webtiles) character file.

84 atgrul the Digger (level 4, 0/24 HPs)
             Began as a Gargoyle Earth Elementalist on July 24, 2016.
             Slain by Terence
             ... wielding a +0 mace
              (3 damage)
             ... on level 2 of the Dungeon.
             The game lasted 00:09:19 (1975 turns).

atgrul the Digger (Gargoyle Earth Elementalist)     Turns: 1975, Time: 00:09:19

Health: 0/24       AC:  5    Str: 13    XL:     4   Next: 46%
Magic:  3/7        EV: 12    Int: 17    God:
Gold:   133        SH:  0    Dex: 10    Spells: 1 memorised, 6 levels left

rFire  . . .     SeeInvis .     e - +0 mace
rCold  . . .     Gourm    .     a - +0 robe
rNeg   + . .     Faith    .     (no shield)
rPois  ∞         Spirit   .     (no helmet)
rElec  +         Dismiss  .     (no cloak)
rCorr  .         Reflect  .     (no gloves)
SustAt .         Harm     .     (no boots)
MR     .....                    (no amulet)
Stlth  ++........               (no ring)
                                i - +2 ring of strength

@: not resistant to hostile enchantments, unstealthy
A: negative energy resistance 1, electricity resistance, unbreathing,
petrification resistance, rot immunity, AC +3
a: no special abilities


You were on level 2 of the Dungeon.
You were very hungry.

You visited 1 branch of the dungeon, and saw 3 of its levels.

You collected 133 gold pieces.

Inventory:

Hand Weapons
 e - a +0 mace (weapon)
 h - a +0 short sword
Missiles
 b - 47 stones (quivered)
Armour
 a - a +0 robe (worn)
Jewellery
 i - a +2 ring of strength (left hand)
 q - an uncursed amulet of harm {unknown}
Scrolls
 g - 3 scrolls of remove curse {unknown}
 j - a scroll of identify {unknown}
 n - a scroll of random uselessness {unknown}
 p - a scroll of fog {unknown}
 r - a scroll of noise {unknown}
Potions
 k - a potion of brilliance {unknown}
 l - a potion of berserk rage {unknown}
 m - a potion of curing {unknown}
Books
 c - a book of Geomancy

   Spells                             Type                      Level
   a - Sandblast                      Earth                        1
   b - Passwall                       Transmutation/Earth          2
   c - Stone Arrow                    Conjuration/Earth            3
   d - Petrify                        Transmutation/Earth          4
   e - Lee's Rapid Deconstruction     Earth                        5
Comestibles
 d - 4 bread rations
 f - 5 fruits
 o - 2 slices of pizza


   Skills:
 - Level 0.4 Fighting
 - Level 1.5 Dodging
 - Level 2.1 Stealth
 - Level 2.0 Spellcasting
   Level 0.7 Transmutations
 * Level 6.1 Earth Magic


You had 6 spell levels left.
You knew the following spells:

 Your Spells              Type           Power        Failure   Level  Hunger
a - Sandblast             Erth           ###...       1%          1    #......


Dungeon Overview and Level Annotations

Branches:
Dungeon (3/15)

Altars:
Qazlal

Annotations:
D:2 Terence


Innate Abilities, Weirdness & Mutations

You are resistant to torment.
Your stone body is resilient (AC +3).
You are immune to poison.
You resist negative energy.
You are resistant to electric shocks.
You can survive without breathing.
You are immune to petrification.
You are immune to rotting.


Message History

You hit Terence but do no damage.
Terence is severely wounded.
Terence misses you.
You closely miss Terence.
Terence is severely wounded.
Terence hits you with a mace.
* * * LOW HITPOINT WARNING * * *
Terence misses you.
You hit Terence.
Terence is almost dead.
Terence hits you but does no damage.
You hit Terence but do no damage.
Terence is almost dead.
Terence barely misses you.
You hit Terence but do no damage.
Terence is almost dead.
You are feeling very hungry.
Terence shouts, "Get ready for death!"
Terence hits you with a mace.
You die...

.#........#
#.#....#.####........
...########
#.#.####............#
.###
#.###################
..####### ###........#
........# #(.........#
#.#####.# #..........#
........###....(....[#
..#######............#
##...>..'......@@....#
##'######.†..........#
#......####>.........#
#......# ########'#.#
#......# #.#.#
#......# #.#.#
#......# #.#.#
#......# #.#.#
#......# #####.#.#


You could see Terence.

Vanquished Creatures
  3 adders
  An ooze (D:2)
  2 worms (D:2)
  A dart slug (D:2)
  A giant gecko (D:2)
  An orc (D:3)
  3 ball pythons
  A giant cockroach (D:1)
  3 goblins
  9 hobgoblins
  A quokka (D:2)
  5 bats
  3 giant newts
  5 kobolds
  3 rats
42 creatures vanquished.

Notes
Turn   | Place    | Note
--------------------------------------------------------------
     0 | D:1      | atgrul the Gargoyle Earth Elementalist began the quest for the Orb.
     0 | D:1      | Reached XP level 1. HP: 10/10 MP: 3/3
   114 | D:1      | Reached skill level 4 in Earth Magic
   241 | D:1      | Reached XP level 2. HP: 15/15 MP: 1/5
   637 | D:2      | Noticed Terence
   652 | D:1      | Reached XP level 3. HP: 6/19 MP: 1/6
   879 | D:1      | Reached skill level 5 in Earth Magic
   921 | D:2      | Found a stormy altar of Qazlal.
  1264 | D:2      | Reached XP level 4. HP: 21/24 MP: 0/7
  1785 | D:2      | Reached skill level 6 in Earth Magic
  1975 | D:2      | Slain by Terence

Skill      XL: |  1  2  3  4 |
---------------+-------------+-----
Earth Magic    | 4 5 6 |  6.1
Fighting       | |  0.4
Dodging        | |  1.5
Stealth        | |  2.1
Spellcasting   | |  2.0
Transmutations | |  0.7

Action                   |  1- 3 |  4- 6 || total
-------------------------+-------+-------++-------
Melee: Mace              |    12 |    31 ||    43
       Unarmed           |     8 |       ||     8
 Cast: Sandblast         |    57 |    41 ||    98
  Eat: Chunk             |     2 |     2 ||     4
Armor: Robe              |    34 |    12 ||    46
Dodge: Dodged            |    71 |    32 ||   103
